 Dungeon Crawl Stone Soup version 0.27-a0-249-g74f53ef629 (webtiles) character file.

Game seed: 14772706560023993565

5534 ArcanElement the Unflinching (level 11, -1/89 HPs)
             Began as a Human Fighter on Feb 3, 2021.
             Was a Believer of the Shining One.
             Killed from afar by an ice dragon (7 damage)
             ... with a blast of cold
             ... in an ice cave.
             The game lasted 00:30:20 (11386 turns).

ArcanElement the Unflinching (Human Fighter)       Turns: 11386, Time: 00:30:20

Health: -1/89      AC: 14    Str: 24    XL:     11   Next: 1%
Magic:  17/17      EV:  9    Int:  9    God:    the Shining One [**....]
Gold:   674        SH: 16    Dex: 14    Spells: 10/10 levels left

rFire    + . .     SeeInvis .   N - +3 long sword
rCold    + + .     Faith    .   c - +0 kite shield
rNeg     + . .     Spirit   .   H - +0 chain mail {rPois}
rPois    +         Reflect  +   x - +0 helmet
rElec    .         Harm     .   L - scarf {rC+ rF+}
rCorr    .         Rampage  .   g - +2 pair of gloves
Will     .....                  (no boots)
Stlth    ..........             f - amulet of reflection
HPRegen  0.24/turn              B - ring of protection from cold
MPRegen  0.15/turn              A - +6 ring of strength

@: glowing
A: blink, robust 1, wild magic 1, evolution 1
a: Blink, Renounce Religion, Divine Shield


You were in an ice cave.
You worshipped the Shining One.
The Shining One was pleased with you.
You visited 2 branches of the dungeon, and saw 10 of its levels.
You also visited: Ice Cave.

You collected 695 gold pieces.
You donated 21 gold pieces to Zin.

Inventory:

Hand Weapons
 a - a +0 long sword
 J - a +2 dagger of venom
 M - a +5 great sword
 N - a +3 long sword (weapon)
Missiles
 u - 15 boomerangs (quivered)
 C - 2 javelins
Armour
 b - a +0 scale mail
 c - a +0 kite shield (worn)
 g - a +2 pair of gloves (worn)
 h - a +0 ring mail
 t - a +0 chain mail
 x - a +0 helmet (worn)
 H - a +0 chain mail of poison resistance (worn)
 L - a scarf of resistance (worn)
 P - a +0 pair of boots
Jewellery
 e - an uncursed ring of willpower {unknown}
 f - an amulet of reflection (around neck)
 p - an uncursed ring of positive energy
 r - a +4 ring of evasion
 y - a +6 ring of intelligence
 A - a +6 ring of strength (right hand)
 B - a ring of protection from cold (left hand)
Wands
 d - a wand of paralysis (10)
 I - a wand of flame (23)
Scrolls
 i - 5 scrolls of remove curse
 l - a scroll of immolation
 q - 2 scrolls of amnesia {unknown}
 v - 2 scrolls of magic mapping
 w - a scroll of fog
 z - a scroll of noise {unknown}
 K - a scroll of identify
Potions
 n - 2 potions of attraction
 o - a potion of flight
 E - 3 potions of curing
 O - a potion of berserk rage {unknown}


   Skills:
 + Level 6.2 Fighting
 * Level 8.0 Long Blades
 + Level 6.1 Armour
 + Level 5.2 Dodging
 + Level 6.2 Shields
 * Level 8.8 Invocations


You had 10 spell levels left.
You didn't know any spells.
Your spell library contained the following spells:

 Spells                   Type           Power        Failure   Level
 Beastly Appendage        Tmut           0%           100%        1
 Summon Small Mammal      Summ           0%           100%        1
 Call Imp                 Summ           0%           100%        2
 Wereblood                Tmut           0%           100%        2
 Call Canine Familiar     Summ           0%           100%        3
 Spider Form              Tmut/Pois      0%           100%        3
 Summon Guardian Golem    Hex/Summ       0%           100%        3
 Ice Form                 Ice/Tmut       0%           100%        4
 Summon Ice Beast         Ice/Summ       0%           100%        4
 Summon Lightning Spire   Summ/Air       0%           100%        4
 Blade Hands              Tmut           0%           100%        5


Dungeon Overview and Level Annotations

Branches:
Dungeon (11/15)            Temple (1/1) D:7            Lair (0/6) D:11
  IceCv (1/1)
    Orc: D:9-12

Altars:
Ashenzari
Cheibriados
Dithmenos
Elyvilon
Fedhas
Gozag
Hepliaklqana
Kikubaaqudgha
Makhleb
Nemelex Xobeh
Okawaru
Ru
Sif Muna
Trog
Uskayaw
Vehumet
Xom
Yredelemnul
Zin
The Shining One

Shops:
D:6 [

Annotations:
D:6 shop behind statues


Innate Abilities, Weirdness & Mutations

You can translocate small distances at will.
You are robust. (+10% HP)
Your spells are a little harder to cast, but a little more powerful.
You evolve.


Message History

Found 39 gold pieces.
Found 32 gold pieces.
Found 18 gold pieces.
The ice dragon breathes frost at you. The blast of cold hits you! You resist.
* * * LOW HITPOINT WARNING * * *
Unknown command.
You are starting to lose your buoyancy.
The ice dragon breathes frost at you. The blast of cold hits you. You resist.
* * * LOW HITPOINT WARNING * * *
The ice dragon roars deafeningly!
The ice dragon breathes frost at you. The blast of cold hits you! You resist.
* * * LOW HITPOINT WARNING * * *
You float gracefully downwards.
Unknown command.
The ice dragon breathes frost at you. The blast of cold hits you! You resist.
You die...

#### ##..## ##....##
#......## ........## ####
.........# #### ##..##
........####..#####....##
.........##D...##.......#
............#...@...∩.∩.#
........D..###..........#
.........### ##..##....##
........## ######..##
#........# ####
#....D..## ##.....##
#.....# ##.D###


You could see an ice dragon (catching breath).

Vanquished Creatures
  2 ice statues (IceCv)
  2 rime drakes (IceCv)
  Menkaure (D:7)
  2 orc warriors
  2 sky beasts
  2 black bears (D:7)
  5 centaurs
  15 ice beasts
  4 ogres
  A phantom (D:5)
  3 bullfrogs
  A gnoll sergeant (D:6)
  2 scorpions (D:4)
  5 wights (D:8)
  A howler monkey (D:6)
  A quasit (D:5)
  2 hounds
  A jelly (D:7)
  A centaur skeleton (D:4)
  An orc priest (D:7)
  2 bullfrog skeletons
  An iguana (D:7)
  Terence (D:2)
  Ijyb (D:4)
  5 orc wizards
  6 worker ants
  A hound zombie (D:7)
  2 hound skeletons
  Robin (D:4)
  11 gnolls
  8 adders
  2 shadow imps (D:5)
  3 white imps
  An ufetubus (D:8)
  An adder skeleton (D:5)
  2 worms
  2 dart slugs
  9 leopard geckos
  19 orcs
  6 bats
  7 giant cockroaches
  13 goblins
  9 hobgoblins
  13 jackals
  2 kobolds
  3 quokkas
  2 ball pythons
  7 frilled lizards
  2 rats
196 creatures vanquished.

Vanquished Creatures (others)
  27 fungi (D:11)
  20 plants (D:11)
47 creatures vanquished.

Grand Total: 243 creatures vanquished

Notes
Turn   | Place    | Note
-------+----------+-------------------------------------------
     0 | D:1      | ArcanElement the Human Fighter began the quest for the Orb.
     0 | D:1      | Reached XP level 1. HP: 18/18 MP: 1/1
   280 | D:1      | Reached XP level 2. HP: 24/24 MP: 2/2
   530 | D:1      | Reached XP level 3. HP: 29/29 MP: 3/3
  1116 | D:2      | Reached skill level 1 in Dodging
  1465 | D:2      | Reached XP level 4. HP: 30/35 MP: 4/4
  1837 | D:2      | Found a blossoming altar of Fedhas.
  1934 | D:2      | Noticed Terence
  1951 | D:2      | Killed Terence
  2410 | D:3      | Reached XP level 5. HP: 25/41 MP: 5/5
  2602 | D:3      | Found a glowing silver altar of Zin.
  2607 | D:3      | Found an iron altar of Okawaru.
  2616 | D:3      | Became a worshipper of Zin the Law-Giver
  2616 | D:3      | Reached * piety under Zin
  3242 | D:4      | Noticed an ogre
  3247 | D:4      | Killed an ogre
  3248 | D:4      | Reached XP level 6. HP: 44/47 MP: 5/8
  3381 | D:4      | Noticed Ijyb
  3410 | D:4      | Killed Ijyb
  3711 | D:4      | Reached XP level 7. HP: 31/53 MP: 10/10
  3888 | D:4      | Noticed Robin
  3900 | D:4      | Killed Robin
  4436 | D:4      | You fall into a shaft and drop 2 floors!
  4600 | D:5      | Entered Level 5 of the Dungeon
  4637 | D:5      | Gained mutation: Your spells are a little harder to cast,
                  | but a little more powerful. [potion of mutation]
  4637 | D:5      | Gained mutation: You evolve. [potion of mutation]
  4971 | D:5      | Found a glowing golden altar of the Shining One.
  4992 | D:5      | Reached skill level 5 in Invocations
  4992 | D:5      | Reached XP level 8. HP: 44/60 MP: 11/11
  5082 | D:5      | Fell from the grace of Zin
  5082 | D:5      | Became a worshipper of the Shining One
  5178 | D:5      | Reached * piety under the Shining One
  6539 | D:6      | Found Qajac's Antique Armour Emporium.
  6929 | D:6      | Reached skill level 5 in Long Blades
  7169 | D:6      | Gained mutation: You can translocate small distances at
                  | will. [evolution]
  7248 | D:6      | Reached XP level 9. HP: 43/66 MP: 13/13
  7858 | D:7      | Noticed Menkaure
  7936 | D:6      | Reached skill level 5 in Shields
  8019 | D:7      | Reached skill level 5 in Fighting
  8072 | D:7      | Reached skill level 5 in Armour
  8151 | D:7      | Reached ** piety under the Shining One
  8431 | D:7      | Killed Menkaure
  8925 | D:7      | Found a staircase to the Ecumenical Temple.
  9261 | D:7      | Reached XP level 10. HP: 71/74 MP: 15/15
  9287 | Temple   | Entered the Ecumenical Temple
  9793 | D:8      | You fall into a shaft and drop 3 floors!
  9813 | D:11     | Noticed a manticore
  9848 | D:11     | Noticed an ice devil
  9849 | D:11     | Noticed an ice devil
  9850 | D:11     | Noticed an ice devil
  9855 | D:11     | Noticed an ice devil
  9855 | D:11     | Noticed a two-headed ogre
  9861 | D:11     | Noticed a brown ugly thing
  9872 | D:11     | Found a frozen archway.
  9877 | IceCv    | Entered an ice cave
 10109 | IceCv    | Noticed a rime drake
 10121 | IceCv    | Killed a rime drake
 10221 | IceCv    | Noticed an ice statue
 10221 | IceCv    | Noticed an ice statue
 10589 | IceCv    | Killed an ice statue
 10590 | IceCv    | Reached skill level 5 in Dodging
 10864 | IceCv    | Killed an ice statue
 11086 | IceCv    | Noticed a rime drake
 11094 | IceCv    | Killed a rime drake
 11095 | IceCv    | Reached XP level 11. HP: 68/81 MP: 17/17
 11142 | IceCv    | Gained mutation: You are robust. (+10% HP) [evolution]
 11257 | IceCv    | Noticed an ice dragon
 11257 | IceCv    | Noticed an ice dragon
 11377 | IceCv    | HP: 4/89 [ice dragon/blast of cold (10)]
 11386 | IceCv    | Killed from afar by an ice dragon

Illustrated notes

Levels and vault maps discovered:
D:1:      zaba_arrival_water, layout_basic, minmay_misc_feat_pillars
D:2:      layout_basic, lemuel_doored_altar, serial_park_tiny_pond, uniq_terence
D:3:      layout_basic, grunt_temple_overflow_open, grunt_ministairs_13
D:4:      layout_rooms, grunt_ministairs_15, minmay_misc_feat_more_columns,
          minmay_vboxes, uniq_robin, uniq_ijyb
D:5:      layout_rooms, old_standard_altar, hex_intersection
D:6:      layout_basic, serial_rivers, chequers_serial_rivers_micro_b,
          chequers_serial_rivers_marsh, chequers_serial_rivers_room_b,
          chequers_serial_rivers_small_a, serial_shops, shop_statue
D:7:      layout_cave_pools, minmay_temple_entry_large_hall,
          kennysheep_generic_room_15, uniq_menkaure
D:8:      layout_gridville
D:11:     cheibrodos_frozen_isle, layout_cave_pools,
          due_lair_maze_entry_diamond, portal_ice_cave_entry_ice_beasts,
          uniq_maurice
Temple:   regret_index_temple_sphere_string
IceCv:    ice_cave_small_dragons

Skill      XL: |  1  2  3  4  5  6  7  8  9 10 |
---------------+-------------------------------+-----
Dodging        | 1 2 3 4 5 |  5.2
Invocations    | 3 4 5 6 7 8 |  8.8
Long Blades    | 3 4 5 6 8 |  8.0
Shields        | 4 5 6 |  6.2
Armour         | 4 5 6 |  6.1
Fighting       | 4 5 6 |  6.2

Action                   |  1- 3 |  4- 6 |  7- 9 | 10-12 || total
-------------------------+-------+-------+-------+-------++-------
Melee: Long sword        |    95 |   195 |   400 |   238 ||   928
Throw: Boomerang         |       |       |       |     2 ||     2
Invok: Recite            |       |       |     4 |       ||     4
       Divine Shield     |       |       |     1 |     3 ||     4
 Abil: Blink             |       |       |       |     1 ||     1
Evoke: Wand              |       |       |     1 |     1 ||     2
  Use: Scroll            |       |     7 |     6 |     3 ||    16
       Potion            |       |     2 |     5 |     8 ||    15
 Stab: Invisible         |       |       |     2 |       ||     2
Armor: Scale mail        |    78 |    48 |    74 |       ||   200
       Ring mail         |       |       |    85 |       ||    85
       Skin              |       |       |     9 |       ||     9
       Chain mail        |       |       |    40 |   127 ||   167
Dodge: Dodged            |    43 |    77 |   220 |   108 ||   448
Block: Kite shield       |   109 |   156 |   428 |   312 ||  1005
       Reflection        |     1 |     1 |    10 |     4 ||    16
       Rpst.: Long sword |    20 |    24 |    54 |    34 ||   132

Table legend: (Time is in decaauts)
 A = Elapsed time spent in this place.
 B = Non-inter-level travel time spent in this place.
 C = Inter-level travel time spent in this place.
 D = Time resting spent in this place.
 E = Time spent auto-exploring this place.
 F = Levels seen in this place.
 G = Mean time per level.
                   A        B        C        D        E       F      G
               +--------+--------+--------+--------+--------+-----+--------+
         Total |  11728 |  11138 |    590 |   3953 |   4623 |  11 | 1066.2 |
       Dungeon |   9983 |   9423 |    560 |   3024 |   4354 |   9 | 1109.2 |
        Temple |    206 |    176 |     30 |      0 |    175 |   1 |  206.0 |
      Ice Cave |   1538 |   1538 |      0 |    929 |     94 |   1 | 1538.0 |
               +--------+--------+--------+--------+--------+-----+--------+

Top non-repeatable levels by time:
     D:6: 2162 daAuts
   IceCv: 1538 daAuts
     D:4: 1396 daAuts
     D:7: 1391 daAuts
     D:5: 1352 daAuts
     D:2: 1305 daAuts
     D:1: 1055 daAuts
     D:3: 978 daAuts
     D:8: 266 daAuts
  Temple: 206 daAuts
    D:11: 75 daAuts
